[Event "Late-Titled-Tuesday-Blitz-May-07-2024"]
[Site "Chess.com"]
[Date "2024.05.07"]
[Round "3"]
[White "NM_Koval"]
[Black "Vincefm"]
[Result "0-1"]
[WhiteElo "2242"]
[BlackElo "2497"]
[TimeControl "180+1"]
[EndTime "14:28:32 PDT"]
[Termination "Vincefm won by resignation"]

1. d4 Nf6 2. Nc3 d5 3. f3 c5 4.
e4 dxe4 5. d5 e6 6. Bb5+ Bd7 7.
dxe6 fxe6 8. Bc4 Be7 9. fxe4 O-O 10. Nf3 Nc6 11. O-O Na5 12. Be2 Bc6 13. Nd2 Qd4+ 14.
Kh1 Bd6 15. Bf3 Rad8 16. Qe1 Qe5 17. Qh4 Bc7 18. Nb3 Nxb3 19. axb3 Nxe4 20. Nxe4 Bxe4 21. Bg5 Bxf3 22. Rxf3 Rxf3 23. Bxd8 Bxd8 24. Qxd8+ Rf8 25. Qd2 Qxb2 26. Re1 Qf6 27. h3 h6 28. Qe3 b6 29. c4 e5 30. Qe4 Qf4 31. Qd5+ Kh8 32.
Ra1 Rf7 33. Rd1 e4 34. Re1 e3 35. Qd8+ Kh7 36. Qd3+ g6 37. Rxe3 Qf1+ 38. Kh2 Qxd3 39. Rxd3 Kg7 40. h4 Re7 41. Kg3 Kf6 42. Kf4 g5+ 43.
hxg5+ hxg5+ 44. Kg4 Re4+ 45. Kf3 Re6 46. Rd7 Re7 47.
Rd6+ Kf5 48. g4+ Ke5 49. Rd5+ Kf6 50. Rf5+ Kg6 51. Rd5 Re6 52. Rd3 a5 53. Rd5 Rf6+ 54. Ke4 Rf4+ 55. Ke5 Rxg4 56. Rd6+ Kh5 57. Kf5 Rf4+ 58.
Ke5 Rf3 59. Rd8 Kg4 60. Ke4 Rxb3 61. Rg8 Rb4 62. Kd5 a4 63. Ra8 Kf4 64. Rf8+ Kg3 65.
Rg8 g4 66. Rg7 a3 67. Rg8 Ra4 0-1

[Event "Late-Titled-Tuesday-Blitz-May-07-2024"]
[Site "Chess.com"]
[Date "2024.05.07"]
[Round "3"]
[White "szachmistrz2500"]
[Black "Hasangatin_Ramil"]
[Result "0-1"]
[WhiteElo "2469"]
[BlackElo "2670"]
[TimeControl "180+1"]
[EndTime "14:28:35 PDT"]
[Termination "Hasangatin_Ramil won by resignation"]

1. d4 d6 2. Nf3 Bg4 3. Nbd2 Nf6 4. h3 Bh5 5. e3 Nbd7 6. Be2 c6 7.
b3 e5 8. Nc4 e4 9. Nfd2 Bg6 10.
a4 d5 11. Na3 Bd6 12. c4 Qe7 13. Bb2 h5 14. Qc2 h4 15. c5 Bc7 16. b4 a6 17. a5 Nh7 18. O-O-O Ng5 19. Nab1 f5 20. Nc3 f4 21. Bg4 Nf6 22. Be2 Qf7 23. Na4 O-O 24. Nb6 Rad8 25. Nf1 f3 26. gxf3 exf3 27.
Bd3 Bxd3 28. Qxd3 Nfe4 29. Qc2 Qf5 30. Nh2 Nxh3 31. Rdf1 Rf6 32. Bc3 Rdf8 33. Be1 R8f7 34. Na4 g5 35. Nc3 Rg7 36. Nxe4 Qxe4 37. Qxe4 dxe4 38.
Ng4 Nxf2 39. Nxf6+ Kf7 40. Bxf2 Kxf6 41. Rfg1 Rh7 42.
Kd2 Kf5 43. Kc3 Bd8 44. Kc4 g4 45. d5 cxd5+ 46. Kxd5 Bg5 47. c6 bxc6+ 48. Kxc6 Rh6+ 49. Kb7 g3 50. Be1 Bxe3 51. Rh3 Bxg1 0-1

[Event "Late-Titled-Tuesday-Blitz-May-07-2024"]
[Site "Chess.com"]
[Date "2024.05.07"]
[Round "3"]
[White "Denisenko_Denis"]
[Black "HajiyevKanan"]
[Result "1-0"]
[WhiteElo "2396"]
[BlackElo "2579"]
[TimeControl "180+1"]
[EndTime "14:28:35 PDT"]
[Termination "Denisenko_Denis won by resignation"]

1. e4 c6 2. d4 d5 3. e5 a6 4. Nd2 Bf5 5. h4 h5 6. Nb3 e6 7. Bd3 Ne7 8. Bg5 Bxd3 9. cxd3 a5 10. Nf3 a4 11. Nbd2 Qb6 12. O-O Nf5 13. Be3 Be7 14.
Re1 Nxh4 15. Nxh4 Bxh4 16. Nf3 Be7 17. Bg5 Bxg5 18. Nxg5 Qxd4 19. Qf3 O-O 20. Qxh5 Qxd3 21. Re4 Qxe4 22. Nxe4 dxe4 23. Re1 Nd7 24. Rxe4 Rfd8 25. Rh4 Kf8 26. Rf4 f5 27. g4 Nxe5 28. gxf5 Ke7 29. fxe6 Rf8 30. Qxe5 Rxf4 31. Qxf4 Kxe6 32. Qc7 Ra7 33.
Qxg7 a3 34. bxa3 Kd5 35. Qb2 c5 36. Qb6 Rxa3 37. Qxb7+ Kc4 38. Qb2 Rf3 39. Kg2 Rc3 40. f4 Kd3 41. Qb5+ c4 42. f5 Rc2+ 43. Kf3 Rc1 44.
Qd5+ Kc3 45. Ke2 Rc2+ 46. Kd1 Rxa2 47. f6 Ra1+ 48. Ke2 Ra2+ 49. Ke3 Ra1 50. Qe5+ Kc2 51. Qxa1 c3 52. Qxc3+ 1-0

[Event "Late-Titled-Tuesday-Blitz-May-07-2024"]
[Site "Chess.com"]
[Date "2024.05.07"]
[Round "3"]
[White "Mops_2004"]
[Black "LiemLe"]
[Result "0-1"]
[WhiteElo "2804"]
[BlackElo "3077"]
[TimeControl "180+1"]
[EndTime "14:28:37 PDT"]
[Termination "LiemLe won by checkmate"]

1. g3 d5 2. Nf3 g6 3. Bg2 Bg7 4. d4 Nf6 5. c4 dxc4 6. O-O c6 7. a4 Ne4 8. Na3 Nd6 9. Bf4 O-O 10. Qc1 Be6 11. Bh6 Bd5 12. Bxg7 Kxg7 13. Re1 Na6 14. Qf4 Nb4 15. Rac1 f6 16. Nb1 b5 17. Nc3 Bg8 18. h4 Rb8 19. Nh2 h5 20. g4 Nd5 21. Qg3 hxg4 22.
Nxg4 Nf5 23. Qh3 Nf4 24. Qh2 Nxg2 25. Qxg2 Nxh4 26. Qh2 g5 27. Rcd1 Qd7 28. Ne3 a6 29. f4 Bd5 30. Qg3 Ng6 31. fxg5 f5 32. Ncxd5 cxd5 33. Ng2 f4 34. Qf3 bxa4 35. e4 fxe3 36. Qxe3 Rxb2 37.
Re2 Rb3 38. Qd2 Qg4 39. Rde1 Nh4 40. Rxe7+ Kg8 41. R1e3 Rb1+ 42. Kh2 Nf3+ 43. Rxf3 Qxf3 44. g6 Qh5+ 45. Kg3 Rf3# 0-1

[Event "Late-Titled-Tuesday-Blitz-May-07-2024"]
[Site "Chess.com"]
[Date "2024.05.07"]
[Round "3"]
[White "bazar-wokzal"]
[Black "Byniolus"]
[Result "0-1"]
[WhiteElo "2582"]
[BlackElo "2820"]
[TimeControl "180+1"]
[EndTime "14:28:38 PDT"]
[Termination "Byniolus won by resignation"]

1. e4 d5 2. exd5 Nf6 3. Bb5+ Bd7 4. Bc4 b5 5. Bb3 Bg4 6. f3 Bc8 7. a4 b4 8. c4 c6 9. dxc6 Nxc6 10. Ne2 e5 11.
O-O Bc5+ 12. Kh1 O-O 13. a5 Bf5 14. Bc2 Bd3 15. b3 Bxc2 16. Qxc2 Nxa5 17. d3 Nc6 18. Bg5 h6 19. Bxf6 Qxf6 20. Nd2 Nd4 21. Nxd4 Bxd4 22.
Ra5 Rad8 23. Rb5 Qe7 24. c5 Rb8 25. Rxb8 Rxb8 26. c6 Rc8 27. Qc4 Qe6 28. Rc1 Bc3 29.
Qxe6 fxe6 30. Nc4 Rxc6 31. Kg1 Ra6 32. Rc2 Kf7 33. Kf2 Kf6 34. Ke3 Ra1 35. f4 exf4+ 36. Kxf4 a5 37. Kg4 a4 38. bxa4 Rxa4 39. Rf2+ Ke7 40.
Nb6 Ra6 41. Nc4 b3 42. Kh5 Ra2 43. Rf1 Rxg2 0-1

[Event "Late-Titled-Tuesday-Blitz-May-07-2024"]
[Site "Chess.com"]
[Date "2024.05.07"]
[Round "3"]
[White "GasconJR"]
[Black "Pig-filth"]
[Result "1/2-1/2"]
[WhiteElo "2565"]
[BlackElo "2312"]
[TimeControl "180+1"]
[EndTime "14:28:39 PDT"]
[Termination "Game drawn by repetition"]

1. Nf3 Nc6 2. d4 d6 3. e4 Nf6 4.
Nc3 Bg4 5. Be3 e6 6. h3 Bh5 7.
g4 Bg6 8. d5 exd5 9. exd5 Nb4 10.
a3 Nxc2+ 11. Kd2 Nxa1 12. Bb5+ Nd7 13. Re1 Be7 14. Bg5 f6 15. Nd4 Nc2 16. Ne6 Nxe1 17.
Nxd8 Rxd8 18. Be3 Nc2 19. Bxa7 O-O 20. Qe2 Bf7 21. Kxc2 Rfe8 22. Bd4 Bf8 23. Qd2 Re7 24. g5 Bg6+ 25. Kb3 Nc5+ 26. Bxc5 dxc5 27. gxf6 gxf6 28. Bc4 Kg7 29. Qf4 Red7 30. Nd1 Bd6 31. Qf3 Be5 32. Ne3 c6 33. dxc6 bxc6 34. Nf5+ Bxf5 35. Qxf5 Rd4 36. Qe6 Rb8+ 37. Ka4 Ra8+ 38. Kb3 Rb8+ 39.
Ka4 Ra8+ 40. Kb3 Rb8+ 1/2-1/2

[Event "Late-Titled-Tuesday-Blitz-May-07-2024"]
[Site "Chess.com"]
[Date "2024.05.07"]
[Round "3"]
[White "Godzillator"]
[Black "karinachess1"]
[Result "0-1"]
[WhiteElo "2343"]
[BlackElo "2589"]
[TimeControl "180+1"]
[EndTime "14:28:41 PDT"]
[Termination "karinachess1 won by resignation"]

1. c4 e6 2. Nc3 d5 3. cxd5 exd5 4. d4 c6 5. Qc2 Nf6 6. Bg5 Be7 7. e3 Nbd7 8. Bd3 h6 9. Bh4 Nh5 10. Bxe7 Qxe7 11.
O-O-O Nb6 12. Kb1 Bd7 13. Rc1 O-O-O 14. Nf3 Kb8 15. Na4 Nxa4 16. Qxa4 Qf6 17. Rc3 Bf5 18.
Bxf5 Qxf5+ 19. Ka1 Nf6 20. Ra3 a6 21. Rb3 Ka8 22. Rb6 Ka7 23. Qb4 Rb8 24. Ne5 Ne4 25. Qa5 Rbc8 26. Rc1 c5 27. Nd3 cxd4 28. exd4 Rxc1+ 29. Nxc1 Rc8 30. Nb3 Qxf2 31. Rxb7+ Kxb7 32. Qxd5+ Ka7 33. Qd7+ Kb8 34. a3 Qf1+ 35. Ka2 Qb5 36. Qe7 f5 37. d5 Qxd5 38. Qxg7 Nc5 39. Qg3+ Ka8 40.
Qf3 Qxf3 41. gxf3 Nxb3 42. Kxb3 Kb7 43. f4 Rc1 44. Kb4 Kb6 45. h4 h5 46. b3 a5+ 47.
Ka4 Rf1 0-1

[Event "Late-Titled-Tuesday-Blitz-May-07-2024"]
[Site "Chess.com"]
[Date "2024.05.07"]
[Round "3"]
[White "Slovafn"]
[Black "OriTaichman"]
[Result "0-1"]
[WhiteElo "2419"]
[BlackElo "2623"]
[TimeControl "180+1"]
[EndTime "14:28:42 PDT"]
[Termination "OriTaichman won by checkmate"]

1. Nf3 g6 2. c4 Bg7 3. g3 Nf6 4. Bg2 O-O 5. O-O d6 6. Nc3 Nc6 7. d3 e5 8. Rb1 a5 9. a3 h6 10. b4 axb4 11. axb4 Be6 12. b5 Ne7 13. Ne1 Rb8 14. Nc2 Qd7 15. Nb4 d5 16. cxd5 Nexd5 17. Nbxd5 Nxd5 18. Ne4 b6 19. Ba3 Rfd8 20. Qc2 f5 21.
Nd2 e4 22. Bb2 Nb4 23. Qa4 exd3 24. Bxg7 Kxg7 25. Qxb4 dxe2 26. Rfc1 Qxd2 27. Qe7+ Bf7 28. Qxc7 Qd1+ 29. Rxd1 Rxd1+ 30. Rxd1 exd1=Q+ 31. Bf1 Re8 32. Qc3+ Kg8 33. Kg2 Bd5+ 34. f3 Qxf3+ 35. Qxf3 Bxf3+ 36. Kxf3 Kg7 37. Bc4 Kf6 38. Bd5 Re5 39. Bc6 g5 40. h3 Ke7 41. Kf2 Kd6 42. Kf3 Kc5 43. Kf2 Kc4 44.
Kf3 Rxb5 45. Bxb5+ Kxb5 46. g4 f4 47. Ke4 Kc4 48.
h4 b5 49. h5 b4 50. Kf5 f3 51. Kg6 f2 52. Kxh6 f1=Q 53. Kxg5 Qf7 54. Kh6 b3 55. g5 b2 56. g6 Qf6 57. Kh7 b1=Q 58. Kg8 Qbxg6+ 59. hxg6 Qxg6+ 60. Kf8 Qh7 61. Ke8 Kc5 62. Kd8 Kd6 63.
Kc8 Qc7# 0-1

[Event "Late-Titled-Tuesday-Blitz-May-07-2024"]
[Site "Chess.com"]
[Date "2024.05.07"]
[Round "3"]
[White "KingCyber19"]
[Black "Pachonpower"]
[Result "0-1"]
[WhiteElo "2578"]
[BlackElo "2383"]
[TimeControl "180+1"]
[EndTime "14:28:42 PDT"]
[Termination "Pachonpower won by resignation"]

1. d4 e6 2. c4 f5 3. g3 Nf6 4. Bg2 c6 5. Nc3 d5 6. Nh3 Bb4 7. O-O O-O 8. Nf4 Ne4 9. Qb3 Bxc3 10. bxc3 Qb6 11. cxd5 Qxb3 12. axb3 exd5 13. c4 dxc4 14. bxc4 Rd8 15. e3 Na6 16. Nd3 Be6 17. Ne5 Nb4 18. Rb1 a5 19. Bxe4 fxe4 20. Bd2 Nd3 21. Nxd3 exd3 22. Rfc1 Rd7 23. f3 a4 24. Kf2 a3 25. Ra1 Ra4 26. c5 Rd8 27. Bc3 Rda8 28. e4 Bc4 29. Ke3 Bb5 30. Kd2 Rf8 31. f4 g5 32. Rf1 Re8 33. Rae1 g4 34. f5 a2 35.
f6 Kf7 36. e5 Bc4 37. Ra1 Bd5 38. Rf4 h5 39. Rf5 Kg6 40. Rf4 Rea8 41. Kxd3 Bc4+ 42. Kc2 Bd5 43. Rf2 Rc4 44. Kb2 Raa4 45. f7 Bxf7 46. Rf6+ Kg7 47. d5 Bxd5 48. Raf1 Rxc3 49. e6 Rb3+ 50.
Kc2 a1=Q 51. Rf7+ Kg6 52. R1f6+ Qxf6 53. Rxf6+ Kxf6 0-1

[Event "Late-Titled-Tuesday-Blitz-May-07-2024"]
[Site "Chess.com"]
[Date "2024.05.07"]
[Round "3"]
[White "Nf3c5"]
[Black "Andrii_Prydun"]
[Result "1-0"]
[WhiteElo "2621"]
[BlackElo "2415"]
[TimeControl "180+1"]
[EndTime "14:28:43 PDT"]
[Termination "Nf3c5 won on time"]

1. e4 d5 2. exd5 Qxd5 3. Nc3 Qf5 4. g3 Nf6 5. Bg2 g6 6. Nf3 Bg7 7. O-O O-O 8. Re1 Nc6 9. d3 Nd5 10. Nxd5 Qxd5 11. Ne5 Qd6 12. Nxc6 bxc6 13. Qf3 Bd7 14. Bf4 e5 15. Bd2 Rab8 16. Bc3 Rb6 17. Re2 Be6 18. Qe3 Bd5 19. a3 Re8 20. b3 Re6 21. Bb4 Qd8 22. Rae1 a5 23. Bc5 Ra6 24. Bf1 Re8 25. c4 Be6 26. Bg2 Bf5 27. d4 a4 28. b4 Be6 29.
b5 cxb5 30. d5 Bd7 31. Qc3 Qb8 32. Bb4 bxc4 33. Rc1 Bb5 34. Qc2 f5 35. Rce1 e4 36.
Bc3 c6 37. Bxg7 Kxg7 38. Qc3+ Qe5 39. Qxe5+ Rxe5 40. dxc6 Bxc6 41. f3 1-0

[Event "Late-Titled-Tuesday-Blitz-May-07-2024"]
[Site "Chess.com"]
[Date "2024.05.07"]
[Round "3"]
[White "remyrushbrooke"]
[Black "guillembaches"]
[Result "0-1"]
[WhiteElo "2296"]
[BlackElo "2570"]
[TimeControl "180+1"]
[EndTime "14:28:43 PDT"]
[Termination "guillembaches won on time"]

1. d4 d5 2. Nc3 e6 3. e4 Bb4 4.
exd5 exd5 5. Bd3 Nf6 6. Qf3 Nc6 7. Ne2 Bg4 8. Qe3+ Qe7 9. Qxe7+ Bxe7 10. f3 Bh5 11. Be3 Bg6 12. Nf4 O-O-O 13. a3 Rhe8 14. Kf2 Bxd3 15. Nxd3 Bd6 16. Nb5 Bf8 17. b4 a6 18. Nc3 Ne7 19. g4 h6 20. Rhb1 b6 21. a4 Ng6 22. a5 b5 23. Ne2 c6 24. Nec1 Bd6 25. Nb3 Nd7 26. Rh1 Re7 27. h4 Rde8 28. Rae1 Kc7 29. Nbc5 Nxc5 30. Nxc5 Bxc5 31. dxc5 Kd7 32.
h5 Nf8 33. Bd4 f6 34. Rxe7+ Rxe7 35. Re1 Ne6 36. c3 Rf7 37. Kg3 f5 38. gxf5 Rxf5 39. Rxe6 Kxe6 40. Kg4 Rf7 41. f4 Re7 42. Be5 Kf7 43.
Kf5 Re8 44. Kg4 Re6 45. Kf5 g6+ 46. hxg6+ Rxg6 47. Bd6 h5 48. Ke5 h4 49. f5 Rg2 50.
Kd4 h3 51. Bf4 h2 52. Bxh2 Rxh2 53. Ke5 Rh6 0-1

[Event "Late-Titled-Tuesday-Blitz-May-07-2024"]
[Site "Chess.com"]
[Date "2024.05.07"]
[Round "3"]
[White "lupta_robin"]
[Black "subham777"]
[Result "1-0"]
[WhiteElo "2669"]
[BlackElo "2461"]
[TimeControl "180+1"]
[EndTime "14:28:44 PDT"]
[Termination "lupta_robin won by checkmate"]

1. b3 d5 2. Bb2 Nf6 3. Nf3 e6 4. e3 Be7 5. c4 O-O 6. Nc3 c5 7. cxd5 Nxd5 8. Nxd5 exd5 9. Be2 Nc6 10. O-O d4 11.
Re1 d3 12. Bf1 Nb4 13. Ne5 Bf6 14. a3 Nc2 15. Nxd3 Nxe1 16. Qxe1 Bf5 17. Bxf6 Qxf6 18. Nxc5 b6 19. Na4 Rfe8 20. Nc3 Rad8 21. b4 Bd3 22. Ra2 Re7 23. f4 Red7 24. g3 Bxf1 25. Kxf1 Qe6 26. Rc2 Qb3 27. Qc1 h5 28. Ne2 Qd5 29. Kf2 Qe4 30. Rc4 Qe6 31. Nd4 Qg6 32. Qc2 Qg4 33. Qd3 Qh3 34. Kg1 h4 35. Qf1 Qg4 36.
Kg2 h3+ 37. Kf2 Qh5 38. Qh1 Qg6 39. Qf1 Qh5 40. Rc3 Re8 41. Qe2 Qd5 42. Qf3 Qa2 43. Rc2 Qb1 44. Qc6 Rde7 45. Nf5 Re6 46. Qc3 Qh1 47.
Qxg7# 1-0

[Event "Late-Titled-Tuesday-Blitz-May-07-2024"]
[Site "Chess.com"]
[Date "2024.05.07"]
[Round "3"]
[White "Annawel"]
[Black "GianmarcoVaR"]
[Result "1-0"]
[WhiteElo "3010"]
[BlackElo "2759"]
[TimeControl "180+1"]
[EndTime "14:28:48 PDT"]
[Termination "Annawel won by resignation"]

1. e4 c5 2. Nf3 d6 3. d4 cxd4 4. Nxd4 Nf6 5. Nc3 a6 6. Bd3 e5 7.
Nde2 Be7 8. O-O O-O 9. Ng3 g6 10. a4 Be6 11. Bh6 Re8 12. h3 Bf8 13. Qd2 Bg7 14. Bxg7 Kxg7 15. f4 exf4 16. Rxf4 Nc6 17. Raf1 Nd7 18. Nf5+ Bxf5 19. exf5 g5 20. f6+ Kh8 21.
Rh4 Qb6+ 22. Kh2 Qe3 23. Rxh7+ Kg8 24. Qxe3 Rxe3 25. Nd5 Re5 26. c4 Rae8 27. b4 Rxd5 28. cxd5 Nxb4 29. Bb1 Re5 30. h4 g4 31. Rg7+ Kf8 32. Rxg4 Nxd5 33. Rg3 N5xf6 34. Bf5 Nc5 35. a5 Nh5 36. Rgf3 Nf6 37. Bc8 Ng8 38. Rxf7+ Ke8 39. Bxb7 Ne6 40. Bc6+ Kd8 41. Rd7+ Kc8 42. Rh7 Rc5 43.
Bd7+ 1-0

[Event "Late-Titled-Tuesday-Blitz-May-07-2024"]
[Site "Chess.com"]
[Date "2024.05.07"]
[Round "3"]
[White "chenxiaoyuer"]
[Black "OparinGrigoriy"]
[Result "1/2-1/2"]
[WhiteElo "2767"]
[BlackElo "2996"]
[TimeControl "180+1"]
[EndTime "14:28:48 PDT"]
[Termination "Game drawn by repetition"]

1. e4 c5 2. Nf3 Nc6 3. d4 cxd4 4. Nxd4 e5 5. Nb5 d6 6. N1c3 a6 7. Na3 Be6 8. Bc4 Be7 9. Bxe6 fxe6 10. Qg4 Kf7 11.
Nc4 Nf6 12. Qd1 d5 13. Nd2 Bb4 14. O-O Bxc3 15. bxc3 dxe4 16. Rb1 b5 17. c4 bxc4 18. Nxe4 Nxe4 19. Qf3+ Nf6 20. Qxc6 Qd5 21. Qc7+ Kg6 22. Bb2 Rhc8 23. Qxe5 Qxe5 24. Bxe5 Rc5 25. Bxf6 gxf6 26. Rb6 e5 27. Rd1 a5 28. Rdd6 Rf8 29. c3 h5 30.
a4 e4 31. g3 Re5 32. Rdc6 e3 33. fxe3 Rxe3 34. Rxc4 Re2 35. Rf4 Rc2 36. Rc6 Rf7 37.
Rf2 Rc1+ 38. Kg2 Ra1 39. Rf4 Ra2+ 40. Kh3 Ra3 41. Rc5 Rd7 42. Rxa5 Rd6 43. Rc5 Ra2 44. Rcf5 Rc6 45. a5 Ra6 46. Rb5 R2xa5 47. Rxa5 Rxa5 48.
c4 Ra2 49. g4 hxg4+ 50. Rxg4+ Kf5 51. Rd4 Rc2 52. Kg3 Ke5 53. Rd5+ Ke4 54. Rd8 Rc3+ 55.
Kf2 Rxc4 56. Re8+ Kf4 57. Re3 Rc2+ 58. Re2 Rc3 59. Kg2 f5 60. Rf2+ Ke4 61. Re2+ Kf4 62. Rf2+ Kg4 63. h3+ Kg5 64. Rf3 Rc1 65. Kg3 Rc4 66.
h4+ Kg6 67. Rf4 Rc3+ 68. Rf3 Rc1 69. Kf4 Rc4+ 70. Kg3 Rg4+ 71. Kh3 Kf6 72. Rg3 Ra4 73. h5 Ra1 74. Rg6+ Ke5 75. h6 Rh1+ 76. Kg2 Rh5 77. Kf3 Rh4 78. Ra6 Rh3+ 79. Kg2 Rh5 80. Kf3 Rh3+ 81.
Kg2 Rh5 82. Kf3 Rh3+ 1/2-1/2

[Event "Late-Titled-Tuesday-Blitz-May-07-2024"]
[Site "Chess.com"]
[Date "2024.05.07"]
[Round "3"]
[White "ploxoi"]
[Black "Romadk"]
[Result "1-0"]
[WhiteElo "2352"]
[BlackElo "2516"]
[TimeControl "180+1"]
[EndTime "14:28:48 PDT"]
[Termination "ploxoi won by checkmate"]

1. d4 Nf6 2. c4 e6 3. g3 d5 4. Bg2 dxc4 5. Nf3 c6 6. Ne5 Bb4+ 7. Bd2 Bxd2+ 8. Qxd2 b5 9. Nxc6 Nxc6 10. Bxc6+ Bd7 11. Bxa8 Qxa8 12. f3 h5 13. h4 Rh6 14.
Rg1 Rg6 15. Kf2 Nd5 16. Nc3 f5 17. Nxd5 Qxd5 18. Qf4 Ke7 19. Rad1 a6 20. e4 fxe4 21. Qxe4 Rf6 22. Qxd5 exd5 23. Rde1+ Kd6 24. Re5 b4 25.
Kg2 g6 26. Rge1 a5 27. Rg5 a4 28. g4 hxg4 29. fxg4 b3 30. axb3 axb3 31. h5 gxh5 32. gxh5 c3 33. bxc3 Bb5 34. Rb1 Bc4 35. Rg6 Ke7 36.
Rg7+ Ke6 37. Rb2 Rh6 38. Rg5 Kf6 39. Re5 Rh7 40. Kf3 Rh6 41. Kf4 Rh7 42. Rf5+ Ke6 43. Rg5 Rh6 44. Kg4 Kf6 45. Rf5+ Ke6 46. Re5+ Kf6 47. Rg5 Ke6 48. Rg6+ Rxg6+ 49. hxg6 Kf6 50. Kh5 Kg7 51. Kg5 Kg8 52. Kf6 Kf8 53. g7+ Kg8 54. Rh2 b2 55. Rh8# 1-0

[Event "Late-Titled-Tuesday-Blitz-May-07-2024"]
[Site "Chess.com"]
[Date "2024.05.07"]
[Round "3"]
[White "VD_coach"]
[Black "Eloist"]
[Result "0-1"]
[WhiteElo "2593"]
[BlackElo "2413"]
[TimeControl "180+1"]
[EndTime "14:28:49 PDT"]
[Termination "Eloist won by resignation"]

1. d4 e6 2. Nf3 Nf6 3. c4 b6 4. g3 Bb7 5. Bg2 Be7 6. O-O O-O 7. Nc3 Ne4 8. Bd2 f5 9. Qc2 Nxc3 10. Bxc3 Be4 11. Qd2 Bf6 12. Rad1 d6 13. Qe3 Qe7 14. Ne1 Bxg2 15. Nxg2 Nc6 16. Qf3 Qd7 17. e4 fxe4 18.
Qxe4 d5 19. Qe2 dxc4 20. Qxc4 Qd5 21. Qxd5 exd5 22. Nf4 Rfd8 23. Rfe1 Kf7 24. h4 Ne7 25. Ne6 Rd7 26. Kg2 Nf5 27. Nf4 Re8 28. Rxe8 Kxe8 29. h5 c6 30. g4 Nd6 31. f3 Re7 32. Kf2 Nb5 33. Nd3 Bh4+ 34. Kf1 Re3 35. Ne5 c5 36. a4 cxd4 37. axb5 dxc3 38. Nd3 c2 39.
Rd2 Rxd3 40. Rxc2 Rxf3+ 41. Kg2 Rg3+ 42. Kh2 Kd7 43. Re2 Rxg4 44. Re5 Kd6 45. Re8 Rb4 46.
Rg8 Bf6 47. Kh3 Rb3+ 48. Kg4 Rxb2 49. h6 gxh6 50. Kh5 Rh2+ 51. Kg4 Rg2+ 52. Kh5 Rxg8 53. Kxh6 d4 54. Kxh7 Rg7+ 55. Kh8 Rg1+ 56. Kh7 d3 0-1

[Event "Late-Titled-Tuesday-Blitz-May-07-2024"]
[Site "Chess.com"]
[Date "2024.05.07"]
[Round "3"]
[White "Nicolik"]
[Black "Karacsonyi_Gellert"]
[Result "0-1"]
[WhiteElo "2491"]
[BlackElo "2705"]
[TimeControl "180+1"]
[EndTime "14:28:50 PDT"]
[Termination "Karacsonyi_Gellert won by checkmate"]

1. d4 f5 2. Nc3 Nf6 3. Bg5 d5 4. Bxf6 exf6 5. e3 c6 6. h4 Qb6 7. Rb1 Be6 8. Bd3 Nd7 9. Qf3 g6 10. Nge2 O-O-O 11. Nf4 Bf7 12. a3 Bd6 13. g3 h5 14. b4 g5 15. hxg5 fxg5 16. Nxh5 f4 17.
g4 Rde8 18. Kd2 Bxh5 19. gxh5 Nf6 20. Bf5+ Kb8 21. Na4 Qa6 22. Nc5 Qxa3 23. Rb3 Qa2 24. Rhb1 b6 25. R1b2 Qa1 26. Rb1 Qa2 27. e4 dxe4 28.
Nxe4 g4 29. Qd3 Nxe4+ 30. Bxe4 Qa4 31. d5 f3 32. c4 Bf4+ 33. Kc2 Be5 34. dxc6 Rd8 35.
Bd5 Qa2+ 36. R1b2 Bxb2 37. Rxb2 Qa4+ 38. Kb1 Rhe8 39. Qd2 Kc8 40. Ra2 Qb3+ 41. Rb2 Qa4 42. Ra2 Qb3+ 43. Kc1 Re2 44. Qf4 Qc3+ 45. Kb1 Re1+ 46. Qc1 Rxc1# 0-1

[Event "Late-Titled-Tuesday-Blitz-May-07-2024"]
[Site "Chess.com"]
[Date "2024.05.07"]
[Round "3"]
[White "giomar27"]
[Black "Yerkinio"]
[Result "0-1"]
[WhiteElo "2469"]
[BlackElo "2679"]
[TimeControl "180+1"]
[EndTime "14:28:50 PDT"]
[Termination "Yerkinio won by resignation"]

1. d4 Nf6 2. Nc3 e6 3. e4 d5 4. Bg5 dxe4 5. Nxe4 Be7 6. Bxf6 gxf6 7. g3 a6 8. Bg2 f5 9. Nc3 Nd7 10. Nf3 Nf6 11.
Ne5 c5 12. d5 exd5 13. Nxd5 Nxd5 14. Bxd5 O-O 15. c4 Be6 16. Qd3 Bf6 17. f4 Bxd5 18.
cxd5 Re8 19. Qxf5 Bxe5 20. fxe5 Qxd5 21. O-O Rxe5 22. Qf6 Re2 23. Rf2 Rae8 24. Raf1 Rxf2 25. Qxf2 Qd4 26. Qxd4 cxd4 27. Rd1 Re2 28. Rxd4 Rxb2 29. Rd7 a5 30. a4 Kg7 31. Rd6 f6 32. Rd7+ Kg6 33. Rd5 b6 34. Rd6 h5 35. Rc6 Kf5 36. Rd6 Ke5 37. Rc6 f5 38. Rh6 Rb4 39. h4 Ke4 40.
Rxh5 Rxa4 41. Rg5 Rd4 42. h5 Rd7 43. h6 Rh7 44. Rg6 b5 45. Rb6 b4 46. Ra6 Kd3 47.
Kf2 b3 48. Rxa5 b2 49. Rd5+ Kc2 50. Rc5+ Kd3 51. Rb5 Kc2 52. Rc5+ Kd1 53. Rb5 Kc1 54. Rc5+ Kb1 55. Rb5 Ka2 56. Ra5+ Kb3 57. Rb5+ Kc3 58. Kf3 Rxh6 59. Kf4 Rf6 60. Kg5 Rf8 61. Rb7 Kc2 62. Rc7+ Kb1 63. Rb7 Rg8+ 64. Kf4 Rg4+ 65. Kf3 Kc2 66.
Rc7+ Kb3 67. Rb7+ Rb4 0-1

[Event "Late-Titled-Tuesday-Blitz-May-07-2024"]
[Site "Chess.com"]
[Date "2024.05.07"]
[Round "3"]
[White "NajdorfPlayerc5"]
[Black "StellarChess"]
[Result "0-1"]
[WhiteElo "2431"]
[BlackElo "2624"]
[TimeControl "180+1"]
[EndTime "14:28:50 PDT"]
[Termination "StellarChess won by checkmate"]

1. d4 Nf6 2. c4 e6 3. Nc3 Bb4 4. f3 Bxc3+ 5. bxc3 d5 6. cxd5 exd5 7. e3 O-O 8. Bd3 Re8 9. Ne2 Qe7 10. g4 Nc6 11. Ng3 g6 12. h4 Qd6 13. Kf2 Nd7 14. Bd2 Nb6 15. h5 Bd7 16. hxg6 hxg6 17. Qg1 Kg7 18. Nf5+ Bxf5 19. gxf5 Rh8 20. fxg6 Rxh1 21. Qxh1 Rh8 22. Qg1 fxg6 23. f4 Na5 24. Qg3 Nac4 25. Ke2 Qf6 26. Rg1 Rh6 27. Bc1 Na4 28. Bd2 Nab2 29. Bc2 Nxd2 30. Kxd2 Nc4+ 31. Ke2 Nd6 32. Bd3 Nf5 33. Qg2 Nh4 34. Qxd5 Nf5 35. Qd7+ Kh8 36. Qe8+ Kh7 37. Qd7+ Kh8 38. Qe8+ Kh7 39. Qe5 Rh2+ 40. Ke1 Qh4+ 41. Kd1 Qf2 42. Qxc7+ Kh6 43. Rxg6+ Kxg6 44. Qd6+ Kh5 45. Be2+ Qxe2+ 46. Kc1 Qc2# 0-1

[Event "Late-Titled-Tuesday-Blitz-May-07-2024"]
[Site "Chess.com"]
[Date "2024.05.07"]
[Round "3"]
[White "Airquake"]
[Black "Nadtkins"]
[Result "1-0"]
[WhiteElo "2840"]
[BlackElo "2517"]
[TimeControl "180+1"]
[EndTime "14:28:51 PDT"]
[Termination "Airquake won by resignation"]

1. e4 e5 2. Nf3 Nc6 3. Bb5 a6 4. Ba4 d6 5. c3 Bd7 6. d4 g6 7. O-O Bg7 8. Bg5 Nf6 9. Bxc6 Bxc6 10. dxe5 dxe5 11. Nxe5 Qxd1 12. Rxd1 Nxe4 13. Nxc6 Nxg5 14. Na5 Rb8 15. Re1+ Ne6 16. Nd2 O-O 17. Ndc4 Rfd8 18. Rad1 Kf8 19. Rxd8+ Nxd8 20. f4 b6 21. Nb3 Ne6 22.
g3 Rd8 23. Kf2 Bf6 24. Kf3 h5 25. Ne3 c6 26. h3 a5 27. a4 Rd3 28. Ke4 Rd7 29. Nc4 Bd8 30. Ne5 Rd6 31. Re2 Kg7 32. g4 hxg4 33. hxg4 g5 34. f5 Nf4 35. Rd2 Rxd2 36.
Nxd2 c5 37. Ndc4 Ne2 38. Nd7 Nc1 39. Ndxb6 Kf6 40. Nd7+ Ke7 41. Nxc5 Bc7 42. b4 Na2 43.
bxa5 Nxc3+ 44. Kd4 Ne2+ 45. Ke3 Nc3 46. a6 Nd5+ 47.
Kd4 Nb6 48. Nxb6 Bxb6 49. Kd5 Ba7 50. Kc6 Kf6 51. Nd3 1-0

[Event "Late-Titled-Tuesday-Blitz-May-07-2024"]
[Site "Chess.com"]
[Date "2024.05.07"]
[Round "3"]
[White "AlejandroArias"]
[Black "MikeSailer"]
[Result "0-1"]
[WhiteElo "2377"]
[BlackElo "2133"]
[TimeControl "180+1"]
[EndTime "14:28:52 PDT"]
[Termination "MikeSailer won by resignation"]

1. e3 d5 2. Nf3 Nf6 3. c4 c6 4. d4 a6 5. b3 Bg4 6. Nbd2 e6 7.
Bd3 Bd6 8. O-O O-O 9. Bb2 Nbd7 10. h3 Bh5 11. Qc2 b5 12. Ne5 Rc8 13. e4 bxc4 14. bxc4 dxe4 15. Nxe4 Bxe5 16. dxe5 Nxe4 17. Bxe4 Bg6 18.
Rfd1 Bxe4 19. Qxe4 Nc5 20. Qe3 Qa5 21. Bc3 Qa3 22.
Bd4 Qxe3 23. Bxe3 Na4 24. Rab1 Nc3 25. Bc5 Rfe8 26. Kf1 Nxb1 27. Rxb1 Rb8 28. Bb6 Red8 29. c5 Rd2 30. a4 f6 31. exf6 gxf6 32. a5 Kf7 33. Rb4 Rg8 34. g3 Rg5 35. h4 Rf5 36.
f4 Rfd5 37. Re4 Rb2 38. Re3 Rd1+ 39. Re1 Rxe1+ 40. Kxe1 h5 41. Kf1 Kg6 42. Bd8 Rb5 43. Bb6 Kf5 44. Ke2 Kg4 45. Bd8 f5 0-1